Map: Ulrena

Players

LilDicky

  • Race: Terran Terran
  • League: Diamond

Krowder - Winner!

  • Race: Zerg Zerg
  • League: Platinum

VOD

http://www.twitch.tv/tumescentpie

Description

Time

  • Played on: Dec. 12, 2015, 8:33 p.m.
  • Length: 7:41
Show
View Real Time Build Order
Export as new Build Order

LilDicky Terran 

Build Orders: Liberator Opening 

Get SALT Encoding   

  12  0:03  SCV  
  13  0:15  SCV  
  13  0:19  Supply Depot  
  14  0:27  SCV  
  15  0:39  Refinery  
  15  0:40  SCV  
  16  0:45  Barracks  
  16  0:54  SCV  
  17  1:06  SCV  
  18  1:18  SCV  
  20  1:33  Orbital Command  
  20  1:37  Reaper  
  20  1:43  Command Center  
  20  1:49  Refinery  
  20  2:00  SCV  
  21  2:01  Supply Depot  
  21  2:24  Marine  
  21  2:26  SCV  
  21  2:28  Factory  
  23  2:32  Refinery  
  23  2:45  SCV  
  24  2:52  Marine  
  24  2:57  SCV  
  26  3:04  Orbital Command  
  26  3:16  Starport  
  26  3:17  Armory  
  26  3:19  Factory Tech Lab  
  26  3:23  SCV  
  27  3:32  SCV  
  28  3:35  SCV  
  28  3:37  Liberator  
  29  3:44  Marine  
  30  3:50  SCV  
  30  3:51  SCV  
  35  4:02  SCV, Marine  
  36  4:07  Thor  
  36  4:08  SCV  
  36  4:09  Supply Depot  
  44  4:16  SCV  
  45  4:19  Orbital Command  
  45  4:20  Marine  
  45  4:39  Liberator  
  44  4:47  Orbital Command  
  46  5:09  Marine  
  44  5:27  Thor  
  44  5:30  Marine  
  41  5:38  Supply Depot  
  39  5:48  Marine  
  40  5:55  Command Center  
  40  5:59  SCV  
  41  6:06  Marine  
  41  6:09  Thor  
  48  6:15  SCV  
  49  6:19  SCV  
  50  6:27  SCV  
  39  6:52  Thor  
  39  6:53  Marine  
  45  6:57  SCV  
  46  7:01  SCV  
  47  7:09  SCV  
  47  7:11  Marine  
  47  7:14  Command Center  
Show
View Real Time Build Order
Export as new Build Order

Krowder Zerg - Winner!

Build Orders: Hatch First 

Get SALT Encoding   

  12  0:01  Drone  
  13  0:08  Drone  
  14  0:17  Overlord  
  14  0:25  Drone, Extractor  
  15  0:35  Drone x2  
  17  0:44  Drone  
  18  0:58  Hatchery  
  18  1:01  Drone  
  18  1:04  Extractor  
  17  1:14  Spawning Pool  
  17  1:17  Drone  
  17  1:21  Drone  
  18  1:27  Drone  
  19  1:37  Drone  
  20  1:48  Overlord  
  20  2:03  Queen  
  22  2:09  Queen  
  22  2:10  Drone  
  22  2:11  Drone  
  26  2:17  Extractor  
  25  2:24  Drone  
  25  2:25  Drone  
  25  2:26  Drone  
  28  2:33  Drone x2  
  29  2:45  Drone x2  
  31  3:02  Roach Warren, Overlord  
  31  3:03  Overlord  
  30  3:11  Overlord  
  30  3:32  Lair  
  30  3:35  Drone x3  
  30  3:36  Extractor  
  30  3:37  Spore Crawler  
  30  3:38  Spore Crawler  
  30  3:42  Roach x5  
  30  3:46  Roach  
  30  3:47  Roach  
  42  3:49  Roach  
  44  3:57  Roach x2  
  44  4:01  Roach  
  50  4:04  Ravager  
  50  4:10  Roach x2  
  54  4:32  Roach x2  
  54  4:33  Roach  
  54  4:36  Overlord x3  
  52  4:56  Metabolic Boost  
  49  5:00  Drone x7  
  53  5:18  Roach  
  53  5:19  Zergling x10  
  48  5:37  Roach x4  
  48  5:42  Zergling x4  
  56  5:43  Zergling x4  
  56  6:01  Spore Crawler x2  
  54  6:04  Drone  
  54  6:05  Drone x3  
  58  6:14  Drone  
  58  6:15  Drone x6, Hydralisk Den  
  58  6:18  Drone, Extractor x2  
  64  6:21  Glial Reconstitution  
  58  6:46  Hydralisk  
  58  6:47  Hydralisk x5  
  57  6:48  Overlord x2  
  67  7:11  Zergling x2  
  67  7:12  Zergling x10  
Tags
 
Add a new tag
Caveats
  • Supply blocks, unpowered buildings, or Contaminate may cause inaccurate times.
  • Supply counts are checked every 10 seconds.